 Dungeon Crawl Stone Soup version 0.20-a0-738-gb057e68 (webtiles) character file.

7751 George the Severer (level 11, -2/94 HPs)
             Began as a Hill Orc Fighter on Feb 23, 2017.
             Was a Believer of Qazlal.
             Killed from afar by a gargoyle (10 damage)
             ... with a stone arrow
             ... on level 10 of the Dungeon.
             The game lasted 00:20:43 (11289 turns).

George the Severer (Hill Orc Fighter)              Turns: 11289, Time: 00:20:43

Health: -2/94      AC: 14    Str: 23    XL:     11   Next: 20%
Magic:  16/16      EV:  4    Int:  8    God:    Qazlal [**....]
Gold:   473        SH: 13    Dex: 10    Spells: 10/10 levels left

rFire    + . .     SeeInvis .   a - +1 war axe
rCold    + . .     Gourm    +   J - +0 plate armour
rNeg     . . .     Faith    .   c - +0 shield
rPois    .         Spirit   .   j - +0 helmet
rElec    .         Reflect  .   D - scarf {rC+ rF+}
rCorr    .         Harm     .   (no gloves)
MR       +....                  (no boots)
Stlth    ..........             w - amulet of the gourmand
Regen    0.3/turn               (no ring)
MPRegen  0.2/turn               H - ring of protection from magic

@: no status effects
A: no striking features
a: Upheaval, Renounce Religion


You were on level 10 of the Dungeon.
You worshipped Qazlal.
Qazlal was pleased with you.
You were completely stuffed.

You visited 2 branches of the dungeon, and saw 11 of its levels.
You also visited: Sewer and Ossuary.

You collected 473 gold pieces.

Inventory:

Hand Weapons
 a - a +1 war axe (weapon)
 d - a +0 broad axe
 M - a +2 flail of crushing
Armour
 c - a +0 shield (worn)
 j - a +0 helmet (worn)
 k - a scarf of repulsion
 D - a scarf of resistance (worn)
 J - a +0 plate armour (worn)
Jewellery
 w - an amulet of the gourmand (around neck)
 H - a ring of protection from magic (left hand)
 I - an uncursed ring of protection from fire {unknown}
Wands
 l - a wand of flame (17/48)
 v - a wand of lightning (8/15)
 y - a wand of disintegration (5/24)
Scrolls
 i - 2 scrolls of remove curse
 m - 2 scrolls of fear {unknown}
 p - 6 scrolls of teleportation
 r - 4 scrolls of enchant weapon
 t - a scroll of blinking {unknown}
 z - a scroll of immolation
 C - 2 scrolls of acquirement {unknown}
 E - 2 scrolls of recharging {unknown}
 F - a scroll of noise {unknown}
 G - 2 scrolls of fog
 K - a scroll of enchant armour {unknown}
Potions
 b - 2 potions of curing
 e - 2 potions of magic
 h - 3 potions of agility
 n - 2 potions of resistance
 q - 7 potions of heal wounds
 s - a potion of cancellation
 u - 2 potions of mutation
 A - 2 potions of ambrosia
 B - 3 potions of flight
 L - a potion of haste
Comestibles
 f - 5 bread rations
 g - 9 fruits
 o - 5 royal jellies
 x - 3 meat rations
 N - a chunk of flesh


   Skills:
 + Level 8.2 Fighting
 + Level 16.3 Axes
 + Level 7.4 Armour
 - Level 3.2 Shields
 + Level 7.9 Invocations


You had 10 spell levels left.
You didn't know any spells.

Dungeon Overview and Level Annotations

Branches:
Dungeon (10/15)            Temple (1/1) D:6            Lair (0/6) D:9
    Orc: D:9-12

Altars:
Ashenzari
Cheibriados
Dithmenos
Elyvilon
Fedhas
Gozag
Hepliaklqana
Kikubaaqudgha
Makhleb
Nemelex Xobeh
Okawaru
Qazlal
Ru
Sif Muna
Trog
Uskayaw
Vehumet
Wu Jian
Xom
Yredelemnul
Zin
The Shining One

Shops:
D:6 :   D:9 !==[


Message History

Your shield and plate armour prevent you from hitting the gargoyle.
The gargoyle is almost destroyed.
You hit the gargoyle but do no damage.
The gargoyle is almost destroyed.
The gargoyle hits you but does no damage.
Your shield prevents you from hitting the gargoyle.
The gargoyle is almost destroyed.
The gargoyle hurls a stone arrow at you.
The stone arrow hits you!
* * * LOW HITPOINT WARNING * * *
Your plate armour prevents you from hitting the gargoyle.
The gargoyle is almost destroyed.
The gargoyle closely misses you.
You hit the gargoyle but do no damage.
The gargoyle is almost destroyed.
You hit the gargoyle.
The gargoyle is almost destroyed.
The gargoyle hurls a stone arrow at you.
The stone arrow hits you!
You die...

#...).........
#...........##
#...........#
#...........#
#...........#
#..#...#.>.#####
:..##...##.##...##
...##...).###.8.8.#
...#.....[.@.......
## #..#.#..#9.#'#..
#.##.##.#.## #. ..
#.#.# # #.$ #.#.#
##. #.#.# ..#..
..#..


You could see a gargoyle.

Vanquished Creatures
  2 two-headed ogres
  A cyclops (D:8)
  A centaur zombie (D:10)
  A gargoyle (D:10)
  Joseph (D:9)
  Prince Ribbit (D:6)
  Sigmund (D:2)
  A wyvern (D:9)
  2 wargs (D:9)
  Duvessa (D:4)
  5 orc warriors
  An ice beast (D:8)
  A hornet zombie (D:7)
  A phantom (D:4)
  2 centaurs
  3 ogres
  7 big kobolds
  2 elf zombies (Ossuary)
  A bullfrog (D:9)
  2 gnoll sergeants
  Dowan (D:4)
  3 scorpions
  4 killer bees (D:9)
  4 howler monkeys
  A bullfrog zombie (D:5)
  2 crimson imps
  A quasit (D:7)
  8 hounds
  11 orc priests
  A centaur skeleton (D:8)
  Jessica (D:2)
  2 iguanas
  Ijyb (D:2)
  13 orc wizards
  7 worker ants
  A big kobold zombie (Ossuary)
  A hound zombie (Ossuary)
  A hound skeleton (D:9)
  4 mummies (Ossuary)
  A howler monkey zombie (D:8)
  Robin (D:3)
  A worker ant zombie (D:6)
  12 gnolls
  5 river rats (D:3)
  9 adders
  A shadow imp (D:8)
  2 oozes (Sewer)
  6 worms (Sewer)
  3 dart slugs
  3 leopard geckos
  31 orcs
  4 bats
  4 giant cockroaches
  14 goblins
  10 hobgoblins
  3 quokkas
  7 ball pythons
  A ball python skeleton (D:4)
  11 frilled lizards
  A goblin zombie (Ossuary)
  A hobgoblin zombie (Ossuary)
  A jackal skeleton (D:8)
  A jackal zombie (Ossuary)
  17 kobolds
  2 kobold zombies (Ossuary)
  2 orc zombies (Ossuary)
  7 rats
  A rat zombie (Ossuary)
266 creatures vanquished.

Vanquished Creatures (others)
  A plant (D:9)
1 creature vanquished.

Grand Total: 267 creatures vanquished

Notes
Turn   | Place    | Note
-------+----------+-------------------------------------------
     0 | D:1      | George the Hill Orc Fighter began the quest for the Orb.
     0 | D:1      | Reached XP level 1. HP: 19/19 MP: 1/1
    38 | D:1      | Reached skill level 3 in Axes
    72 | D:1      | Reached XP level 2. HP: 22/26 MP: 2/2
   154 | D:1      | Reached skill level 4 in Axes
   404 | D:1      | Reached XP level 3. HP: 31/31 MP: 3/3
   689 | D:2      | Noticed Sigmund
   693 | D:2      | Noticed Jessica
   695 | D:2      | Killed Jessica
   695 | D:2      | Reached skill level 5 in Axes
   695 | D:2      | Reached XP level 4. HP: 32/39 MP: 4/4
   957 | D:2      | Noticed Ijyb
   967 | D:2      | Killed Ijyb
   967 | D:2      | Reached skill level 6 in Axes
  1037 | D:2      | Killed Sigmund
  1037 | D:2      | Reached skill level 8 in Axes
  1037 | D:2      | Reached XP level 5. HP: 21/45 MP: 5/5
  1037 | D:2      | Reached XP level 6. HP: 24/51 MP: 6/6
  1479 | D:2      | Found a glowing silver altar of Zin.
  1651 | D:3      | Found a glowing drain.
  1660 | Sewer    | Entered a sewer
  1860 | Sewer    | Reached skill level 9 in Axes
  1962 | Sewer    | Reached XP level 7. HP: 50/57 MP: 7/7
  2106 | Sewer    | Reached skill level 10 in Axes
  2304 | D:3      | Noticed Robin
  2321 | D:3      | Killed Robin
  3180 | D:4      | Reached skill level 11 in Axes
  3233 | D:4      | Reached XP level 8. HP: 62/64 MP: 8/8
  3299 | D:4      | Found a sand-covered staircase.
  3304 | Ossuary  | Entered an ossuary
  3327 | Ossuary  | Reached skill level 12 in Axes
  4118 | D:4      | Noticed Dowan
  4120 | D:4      | Noticed Duvessa
  4126 | D:4      | Killed Duvessa
  4126 | D:4      | Reached skill level 13 in Axes
  4137 | D:4      | Killed Dowan
  4440 | D:4      | Found a deep blue altar of Sif Muna.
  4605 | D:5      | Entered Level 5 of the Dungeon
  4605 | D:5      | Found a hide-covered altar of Uskayaw.
  4699 | D:5      | Reached XP level 9. HP: 61/70 MP: 9/9
  4858 | D:5      | Found a sacrificial altar of Ru.
  4871 | D:5      | Reached skill level 14 in Axes
  5683 | D:6      | Found a white marble altar of Elyvilon.
  5780 | D:6      | Found a staircase to the Ecumenical Temple.
  5803 | Temple   | Entered the Ecumenical Temple
  5823 | Temple   | Became a worshipper of Qazlal Stormbringer
  6080 | D:6      | Noticed Prince Ribbit
  6091 | D:6      | Killed Prince Ribbit
  6091 | D:6      | Reached skill level 1 in Invocations
  6234 | D:6      | Found Akerchikh's Book Shoppe.
  6243 | D:6      | Found an ancient bone altar of Kikubaaqudgha.
  6243 | D:6      | Found a glowing golden altar of the Shining One.
  6243 | D:6      | Found a shattered altar of Ashenzari.
  6243 | D:6      | Found a shimmering altar of Xom.
  6307 | D:7      | Found a basalt altar of Yredelemnul.
  6553 | D:7      | Reached skill level 15 in Axes
  7696 | D:8      | Noticed a cyclops
  7712 | D:8      | Killed a cyclops
  7712 | D:8      | Reached skill level 5 in Fighting
  8063 | D:9      | Found Karhoss's Jewellery Boutique.
  8063 | D:9      | Noticed Joseph
  8231 | D:8      | Reached * piety under Qazlal
  8231 | D:8      | Reached XP level 10. HP: 45/81 MP: 13/13
  8519 | D:9      | Reached skill level 5 in Armour
  8882 | D:9      | Killed Joseph
  8882 | D:9      | Reached skill level 5 in Invocations
  9277 | D:9      | Found Toaxoada's Distillery.
  9570 | D:9      | Found Biec's Armour Shop.
  9593 | D:9      | Noticed a two-headed ogre
  9595 | D:9      | Reached ** piety under Qazlal
  9605 | D:9      | Killed a two-headed ogre
  9699 | D:9      | Reached skill level 16 in Axes
 10275 | D:9      | Found a staircase to the Lair.
 10704 | D:9      | Found Gilub's Jewellery Shop.
 10828 | D:10     | Entered Level 10 of the Dungeon
 10852 | D:10     | Reached XP level 11. HP: 84/93 MP: 16/16
 10876 | D:10     | Noticed a two-headed ogre
 11117 | D:10     | Killed a two-headed ogre
 11289 | D:10     | Killed from afar by a gargoyle

Vault maps used:
D:1:      dpeg_arrival_yet_another_circle
D:2:      nicolae_overflow_crystal_walls, uniq_jessica, uniq_iyjb, uniq_sigmund
D:3:      portal_sewer_entry_e, kennysheep_cross_room, uniq_robin
D:4:      led_sif_book, enter_ossuary_2, uniq_duvessa
D:5:      first_bread, basic_altar, hangedman_decor_peaks_small,
          nicolae_ru_awakened_eye
D:6:      lemuel_coloured_pillars_altar,
          chequers_temple_overflow_statue_of_worship,
          minmay_temple_entry_overgrown, serial_shops, shop, grunt_ministairs_6,
          uniq_prince_ribbit1
D:7:      overflow_temple_1_default
D:9:      erik_lair_orcish_takeover, serial_shops, shop,
          nicolae_shop_statue_plus, shop,
          nicolae_shop_temple_entry_statues_fountains, uniq_joseph
D:10:     david_orc_1_choice
Temple:   dshaligram_water_room_temple
Sewer:    sewer_co_tree
Ossuary:  ossuary_minmay_tomb_2a

Skill      XL: |  1  2  3  4  5  6  7  8  9 10 11 |
---------------+----------------------------------+-----
Axes           | 3 4 5 8 9 11 13 15 16 | 16.3
Fighting       | 5 7 8 |  8.2
Invocations    | 4 7 |  7.9
Armour         | 4 6 7 |  7.4
Shields        | |  3.2

Action                   |  1- 3 |  4- 6 |  7- 9 | 10-12 || total
-------------------------+-------+-------+-------+-------++-------
Melee: War axe           |    66 |   135 |   469 |   316 ||   986
  Use: Scroll            |       |    12 |     9 |       ||    21
       Potion            |       |       |     1 |     2 ||     3
  Eat: Chunk             |       |    15 |    19 |    11 ||    45
Armor: Scale mail        |    30 |    43 |    69 |       ||   142
       Chain mail        |       |       |   132 |    24 ||   156
       Plate armour      |       |       |       |    83 ||    83
Dodge: Dodged            |    17 |    33 |    98 |    41 ||   189
       Deflected         |     2 |     2 |     4 |       ||     8
Block: Shield            |    43 |    51 |   178 |   150 ||   422
